AoeStats
← SlowBoy

Arabia

506548731Analyzed
1v1 RM · 18d ago on Sep 14, 2026· 55m 20s· 2 players
Game mode
Random Map
Map size
Tiny (2 player)
Population
200
Speed
Normal
Resources
Standard
Victory
Conquest
Starting age
Dark Age
Ending age
Imperial Age
RankedLock teamsTeams togetherTeam positionsShared explorationLock speedFull tech treeHidden civsTurbo modeCheats
Victory
Defeat
🇧🇷 Vietnamese · Brazil
1701
+19
🇨🇱 Armenians · Chile
1778
-19
SlowBoy
6:23 Loom
9:42 Feudal Age
10:18 Double-Bit Axe
10:47 Horse Collar
15:16 Fletching
17:21 Wheelbarrow
17:09 Padded Archer Armor
22:49 Castle Age
20:45 Gold Mining
22:57 Crossbowman
23:33 Bodkin Arrow
24:08 Bow Saw
24:24 Heavy Plow
24:59 Leather Archer Armor
24:37 Town Watch
25:21 Hand Cart
25:47 Elite Skirmisher
26:41 Stone Mining
31:23 Ballistics
35:06 Scale Barding Armor
35:47 Bloodlines
35:37 Husbandry
36:27 Forging
37:22 Chain Barding Armor
39:05 Iron Casting
43:22 Imperial Age
42:30 Thumb Ring
45:09 Chemistry
44:09 Bracer
43:39 Elite Rattan Archer
43:42 Imperial Skirmisher
44:46 Siege Engineers
45:26 Ring Archer Armor
46:35 Two-Man Saw
46:06 Crop Rotation
47:58 Paper Money
48:26 Plate Barding Armor
47:34 Treadmill Crane
47:54 Light Cavalry
48:53 Murder Holes
50:18 Hoardings
51:57 Scale Mail Armor
[CL] Dubstepyzed
6:34 Loom
8:52 Feudal Age
8:58 Man-at-Arms
10:40 Double-Bit Axe
15:21 Fletching
17:20 Padded Archer Armor
19:39 Wheelbarrow
23:42 Castle Age
22:04 Horse Collar
23:44 Elite Skirmisher
24:40 Leather Archer Armor
25:19 Bow Saw
25:45 Gold Mining
26:19 Bodkin Arrow
27:42 Ballistics
27:49 Crossbowman
30:07 Fervor
31:44 Town Watch
37:49 Imperial Age
37:42 Gold Shaft Mining
36:59 Stone Mining
37:51 Arbalester
39:12 Ring Archer Armor
38:44 Bracer
39:05 Heavy Plow
40:19 Chemistry
40:06 Hand Cart
40:58 Ring Archer Armor
41:04 Pikeman
41:44 Scale Mail Armor
41:57 Forging
42:43 Chain Mail Armor
44:12 Plate Mail Armor
43:44 Squires
43:38 Halberdier
45:11 Conscription
47:30 Masonry
47:01 Long Swordsman
47:26 Gambesons
48:18 Iron Casting
48:00 Two-Handed Swordsman
50:09 Blast Furnace
48:37 Champion
50:20 Fereters
54:27 Arson
55:49 Hoardings
Connection lost

Rejoining the realm…

Still unreachable

The connection could not be restored.

Session expired

The server has moved on; the page needs a fresh start.